 Dungeon Crawl Stone Soup version 0.30-a0-728-gc68057be0a (webtiles) character file.

Game seed: 11780358590524816418

6 DEFE the Grasshopper (level 1, 0/13 HPs)
             Began as a Demonspawn Wanderer on Jan 30, 2023.
             Slain by a goblin
             ... wielding a +0 club
              (2 damage)
             ... on level 1 of the Dungeon.
             The game lasted 00:00:31 (421 turns).

DEFE the Grasshopper (Demonspawn Wanderer)           Turns: 421, Time: 00:00:31

Health: 0/13       AC:  2    Str: 11    XL:     1   Next: 75%
Magic:  2/2        EV: 11    Int: 17    God:
Gold:   0          SH:  0    Dex:  9    Spells: 2/2 levels left

rFire   . . .      SeeInvis .    a - +0 club
rCold   . . .      Faith    .    (no shield)
rNeg    . . .      Spirit   .    c - +0 robe
rPois   .          Reflect  .    (no helmet)
rElec   .          Harm     .    (no cloak)
rCorr   .          Rampage  .    (no gloves)
Will    .....                    (no boots)
Stlth   +                        (no amulet)
HPRegen 0.22/turn                (no ring)
MPRegen 0.08/turn                (no ring)

@: no status effects
A: no striking features
a: no special abilities


You were on level 1 of the Dungeon.
You visited 1 branch of the dungeon, and saw 1 of its levels.

Inventory:

Hand Weapons
 a - a +0 club (weapon)
Armour
 c - a +0 robe (worn)
Jewellery
 f - an amulet of regeneration
Wands
 d - a wand of flame (5) (quivered)
Scrolls
 e - 2 scrolls of teleportation {unknown}
Potions
 b - a potion of brilliance


   Skills:
 - Level 1.0 Stealth
 + Level 1.3 Spellcasting
 - Level 3.6 Translocations
 + Level 2.1 Earth Magic
 - Level 2.0 Evocations


You had 2 spell levels left.
You didn't know any spells.
Your spell library contained the following spells:

 Spells                   Type           Power      Damage    Failure   Level
 Apportation              Tloc           26%        N/A       4%          1
 Sandblast                Erth           16%        2d6       9%          1
 Teleport Other           Tloc           13%        N/A       14%         3
 Vhi's Electric Charge    Tloc/Air       14%        N/A       30%         3
 Stone Arrow              Conj/Erth      8%         3d7       38%         3


Dungeon Overview and Level Annotations

Branches:
Dungeon (1/15)

Altars:


Message History

Unknown command.
You start resting.
Health restored: 13 You start waiting.
Done waiting.
Things that are here:
a rat corpse; a bat corpse
Found a stone staircase leading down.
There is a stone staircase leading down here.
Found a sling.
No target in view!
No target in view!
A goblin comes into view. It is wielding a +0 club.
A goblin is nearby!
A frilled lizard comes into view.
The goblin shouts!
A hobgoblin comes into view.
The hobgoblin shouts!
You closely miss the goblin.
A giant cockroach comes into view.
The goblin hits you but does no damage.
You completely miss the goblin. The goblin barely misses you.
The goblin closely misses you.
You closely miss the goblin. The goblin hits you with a +0 club.
You take 4 damage, and have 9/13 hp.
MASSIVE DAMAGE!!
You closely miss the goblin. The goblin barely misses you.
The hobgoblin hits you.
You take 3 damage, and have 6/13 hp.
MASSIVE DAMAGE!!
You closely miss the goblin. The goblin barely misses you.
The hobgoblin closely misses you. The hobgoblin barely misses you.
The goblin hits you with a +0 club.
You completely miss the goblin. The goblin closely misses you.
The hobgoblin hits you.
* * * LOW HITPOINT WARNING * * *
You take 4 damage, and have 2/13 hp.
MASSIVE DAMAGE!!
You hit the goblin. The goblin hits you with a +0 club.
You die...

...# ..... ..l .... #.. ...
#..#.. #.... #...##
#.######g.############# ######
#....)g@...............
.....#############.##...#######.
..........##### #.####.#
###.......^...####.# #.#
.##'###'##......##.# #.###
.#...#...##'#....#.. #...#
.#...#...#..###..### ###.#
###.##...#...##'## #.####.##
P.####...#...#...# #.......##


You could see a hobgoblin and a goblin.

Vanquished Creatures
  An endoplasm (D:1)
  A hobgoblin (D:1)
  2 bats (D:1)
  A goblin (D:1)
  A rat (D:1)
6 creatures vanquished.

Notes
Turn   | Place    | Note
-------+----------+-------------------------------------------
     0 | D:1      | DEFE the Demonspawn Wanderer began the quest for the Orb.
     0 | D:1      | DEFE set off with the following items: a +0 club, a potion
                  | of brilliance, a +0 robe, a wand of flame (6); and the
                  | following spells available to memorise: Apportation,
                  | Sandblast, Teleport Other, Vhi's Electric Charge, Stone
                  | Arrow.
     0 | D:1      | Reached XP level 1. HP: 13/13 MP: 2/2
   421 | D:1      | Slain by a goblin

Illustrated notes

Levels and vault maps discovered:
D:1:      dpeg_arrival_water_fire, layout_basic

Skill      XL: |  1 |
---------------+----+-----
Earth Magic    | 2 |  2.1
Stealth        | |  1.0
Spellcasting   | |  1.3
Translocations | |  3.6
Evocations     | |  2.0

Action                     || total
---------------------------++-------
  Melee: Club              ||    42
  Evoke: Wand              ||     1
 Armour: Robe              ||    20
  Dodge: Dodged            ||    44

Table legend: (Time is in decaauts)
 A = Elapsed time spent in this place.
 B = Non-inter-level travel time spent in this place.
 C = Inter-level travel time spent in this place.
 D = Time resting spent in this place.
 E = Time spent auto-exploring this place.
 F = Levels seen in this place.
 G = Mean time per level.
                   A        B        C        D        E       F      G
               +--------+--------+--------+--------+--------+-----+--------+
         Total |    433 |    433 |      0 |    122 |    217 |   1 |  433.0 |
       Dungeon |    433 |    433 |      0 |    122 |    217 |   1 |  433.0 |
               +--------+--------+--------+--------+--------+-----+--------+

Top non-repeatable levels by time:
     D:1: 433 daAuts
